Cogmind - Beta 13 *** ADVENTURER MODE // 2024.04.04 @ 15:05:16 Player: ActualDio Result: Destroyed by S-27 Virus with Autogun Performance ------------- Evolutions (0) 0 Regions Visited (4) 800 Robots Destroyed (25) 125 Value Destroyed (788) 788 Prototype IDs (2) 40 Alien Tech Used (0) 0 Bonus (0) 0 TOTAL SCORE: 1753 Bonus ------- None Cogmind --------- Core Integrity 0/250 Matter 265/300 Energy 265/265 System Corruption 1% Temperature Cool (78) Movement Core (500) Ox9 Location -7/Recycling Parts ------- > --- POWER (1) -------- Improved Ion Engine > --- PROPULSION (2) --- (None) > --- UTILITY (2) ------ Large Storage Unit > --- WEAPON (2) ------- Remote Datajack > --- INVENTORY (15) --- Improved Ion Engine Scrap Engine Signal Interpreter ECM Suite Medium Armor Plating Medium Armor Plating Medium Armor Plating Tractor Beam Arc Projector Gatling Laser Light Cannon Grenade Launcher Peak State ------------ > --- POWER ------------ Improved Ion Engine > --- PROPULSION ------- Wheel Compact Wheel > --- UTILITY ---------- Large Storage Unit Improved Medium Armor Plating > --- WEAPON ----------- Gatling Laser Advanced Assault Cannon > --- INVENTORY -------- Improved Ion Engine Scrap Engine Signal Interpreter ECM Suite Medium Armor Plating Medium Armor Plating Medium Armor Plating Reflective Plating Tractor Beam Arc Projector Gatling Laser Light Cannon Grenade Launcher Remote Datajack [Rating: 21] Favorites ----------- Power Improved Ion Engine Engine Improved Ion Engine Propulsion Compact Wheel Wheel Compact Wheel Utility Large Storage Unit Device Tractor Beam Storage Large Storage Unit Protection Medium Armor Plating Weapon Assault Rifle Energy Gun Gatling Laser Ballistic Gun Assault Rifle Ballistic Cannon Light Cannon Launcher Grenade Launcher Special Weapon Remote Datajack Build | -11 -10 -10 -10 -7 ------- Run | Yrd Mat Min Sub Rec Slots Evolved . | . . . . . Power . | . . . . . Propulsion . | . . . . . Utility . | . . . . . Weapon . | . . . . . Parts Attached 24 | 6 5 5 2 6 Power 3 | 1 1 . 1 . Engine 3 | 1 1 . 1 . Core . | . . . . . Reactor . | . . . . . Propulsion 5 | 2 . 3 . . Treads . | . . . . . Leg . | . . . . . Wheel 5 | 2 . 3 . . Hover . | . . . . . Flight . | . . . . . Utility 9 | 1 4 1 . 3 Device 2 | . 2 . . . Storage 2 | 1 1 . . . Processor . | . . . . . Hackware . | . . . . . Protection 5 | . 1 1 . 3 Artifact . | . . . . . Weapon 7 | 2 . 1 1 3 Energy Gun 1 | . . . . 1 Energy Cannon . | . . . . . Ballistic Gun 2 | 2 . . . . Ballistic Cannon 2 | . . 1 . 1 Launcher 1 | . . . 1 . Special Weapon 1 | . . . . 1 Impact Weapon . | . . . . . Slashing Weapon . | . . . . . Piercing Weapon . | . . . . . Special Melee Weapon . | . . . . . Unidentified Prototypes . | . . . . . Parts Lost 9 | . . 2 2 5 Power 1 | . . . 1 . Propulsion 3 | . . 1 . 2 Utility 2 | . . . 1 1 Weapon 3 | . . 1 . 2 Highest Loss Streak 5 | . . 1 1 5 To Critical Strikes . | . . . . . Average Slot Usage (%) 98 | . 97 98 96 98 Engine 13 | . 14 14 12 14 Wheel 27 | . 28 27 28 27 Device 1 | . 5 . . . Storage 14 | . 14 14 14 14 Protection 12 | . 5 14 12 13 Energy Gun 2 | . . . . 13 Ballistic Gun 19 | . 28 25 10 . Ballistic Cannon 4 | . . 2 14 14 Naked Turns . | . . . . . Heaviest Build 44 | 14 32 39 40 44 Greatest Support 32 | 26 26 32 26 26 Greatest Overweight (x) 2 | . 1 2 1 1 Average Overweight (x) . | . . 1 1 1 Largest Inventory Capacity 15 | 8 15 15 15 15 Average Capacity 14 | 7 13 15 15 15 Most Carried 15 | 6 15 15 14 15 Average Carried 13 | 2 7 14 13 14 Final Capacity 15 | 8 15 15 15 15 Final Carried 15 | 1 15 14 13 13 Class Distribution -------------------- 100% | Mutant Dominant Class ---------------- Mutant | -10/Materials Mutant | -10/Mines Mutant | -10/Subcaves Mutant | -7/Recycling Resources | -11 -10 -10 -10 -7 ----------- Run | Yrd Mat Min Sub Rec Matter Collected 884 | 218 122 326 10 208 Remotely 21 | . 21 . . . Salvage Created 879 | . 122 598 18 141 Parts 55 | . 12 32 3 8 Haulers Intercepted . | . . . . . Recyclers Shooed . | . . . . . Parts Field Recycled . | . . . . . Retrieved Matter . | . . . . . Parts Self-Destructed 8 | . . . 8 . Prevented . | . . . . . Kills | -11 -10 -10 -10 -7 ------- Run | Yrd Mat Min Sub Rec Combat Hostiles Destroyed 20 | . 2 13 2 3 Guns 19 | . 2 13 2 2 Cannons 1 | . . . . 1 Classes Destroyed 9 | . 2 3 2 2 Builder 1 | . . 1 . . Recycler 1 | . . 1 . . Turret 2 | . . . 2 . Watcher 3 | . 3 . . . Swarmer 2 | . . . 2 . Grunt 13 | . 2 11 . . Sentry 2 | . . . . 2 Programmer 1 | . . . . 1 Assembled 2 | . . 2 . . Best Kill Streak 3 | . 3 3 2 1 Combat Bots Only 3 | . 2 3 2 1 Max Kills in Single Turn 2 | . 1 2 2 1 Gunslinging . | . . . . . Exploded . | . . . . . Melee . | . . . . . Uniques/NPCs Destroyed . | . . . . . Combat | -11 -10 -10 -10 -7 -------- Run | Yrd Mat Min Sub Rec Hostile Shots Fired 202 | . 6 60 44 92 Missed 57 | . . 10 20 27 Damage Taken 1106 | . 61 519 131 395 Core 256 | . 16 101 12 127 Absorbed by Shields . | . . . . . Redirected to Shielding 14 | . . 14 . . Ignored by Resistances 354 | . 17 159 44 134 Core Remaining (%) 100 | 100 . . . . Volleys Fired 73 | . 10 39 13 11 Largest 2 | . 2 2 2 2 Hottest 128 | . 40 40 65 128 Shots Fired 137 | . 19 77 26 15 Gun 107 | . 19 77 7 4 Cannon 22 | . . . 13 9 Launcher 6 | . . . 6 . Special 2 | . . . . 2 Kinetic 125 | . 19 77 20 9 Thermal 4 | . . . . 4 Explosive 6 | . . . 6 . Electromagnetic . | . . . . . Robot Hit Streak 24 | . 9 24 7 12 Robot Miss Streak 2 | . 2 2 2 1 Penetration Max . | . . . . . Secondary Targets 1 | . . 1 . . Max Gunslinging Chain 1 | . . 1 . . Shots Hit Robots 95 | . 13 60 11 11 Core Hits 55 | . 7 29 11 8 Critical Kills 1 | . 1 . . . Critical Parts Destroyed 1 | . . . 1 . Critical Strikes 3 | . 1 . 1 1 Destroy 2 | . 1 . 1 . Blast 1 | . . . . 1 Melee Attacks . | . . . . . Impact . | . . . . . Slashing . | . . . . . Piercing . | . . . . . Sneak Attacks . | . . . . . Combat Hostiles . | . . . . . Follow-up Attacks . | . . . . . Damage Inflicted 1465 | . 186 768 265 246 Guns 1100 | . 164 760 78 98 Cannons 197 | . . . 52 145 Explosions 135 | . . . 135 . Melee . | . . . . . Ramming 33 | . 22 8 . 3 Kinetic 1199 | . 164 760 130 145 Thermal 98 | . . . . 98 Explosive 135 | . . . 135 . Electromagnetic . | . . . . . Impact . | . . . . . Slashing . | . . . . . Piercing . | . . . . . Highest Corruption 1 | . 1 1 1 1 Average Corruption 1 | . 1 1 1 1 Corruption Purged . | . . . . . Corruption Blocked . | . . . . . Effects 22 | . 6 11 2 3 Message Errors 4 | . 1 2 1 . Matter Fused 6 | . 2 3 . 1 Heat Flow Errors 2 | . . 2 . . Energy Discharges 8 | . 2 3 1 2 Data Loss (major) 1 | . . 1 . . Weapon Failures 1 | . 1 . . . Overload Shots . | . . . . . Overflow Damage 31 | . . . . 31 Projectiles 31 | . . . . 31 Explosions . | . . . . . Melee . | . . . . . Knockbacks 5 | . . . 3 2 Impact . | . . . . . Kinetic 4 | . . . 3 1 Secondary 1 | . . . . 1 Self-Inflicted Damage 16 | . 11 4 . 1 Shots . | . . . . . Rammed 3 | . 1 1 . 1 Targets Rammed 3 | . 1 1 . 1 Kicked . | . . . . . Crushed . | . . . . . Highest Temperature 249 | . . 249 . 162 Average Temperature 58 | . . 47 . 80 Received Heat Transfer 585 | . 36 351 78 120 Siege Activations . | . . . . . Robots Corrupted . | . . . . . Combat Hostiles . | . . . . . Parts Fried . | . . . . . Impact Corruptions . | . . . . . Robots Melted . | . . . . . Combat Hostiles . | . . . . . Parts Melted . | . . . . . Heat Transferred 225 | . . . . 225 Parts Sabotaged . | . . . . . Parts Stolen . | . . . . . Parts Stripped . | . . . . . Power Chain Reactions . | . . . . . Alert | -11 -10 -10 -10 -7 ------- Run | Yrd Mat Min Sub Rec Peak Influence 322 | . 185 150 . 322 Initial 257 | . . . . 257 Average 91 | . 59 52 . 239 Maximum Alert Level 1 | . . . . 1 Low Security (%) 85 | 100 100 100 . 28 Level 1 14 | . . . . 71 Level 2 . | . . . . . Level 3 . | . . . . . Level 4 . | . . . . . Level 5 . | . . . . . High Security . | . . . . . Max Security . | . . . . . Squads Dispatched 1 | . 1 . . . Investigation 1 | . 1 . . . Extermination . | . . . . . Reinforcement . | . . . . . Assault . | . . . . . Garrison . | . . . . . Intercept . | . . . . . Searches Triggered . | . . . . . Construction Impeded . | . . . . . Haulers Reinforced . | . . . . . Active Scanning Responses . | . . . . . Cargo Convoy Interrupts . | . . . . . Stealth | -11 -10 -10 -10 -7 --------- Run | Yrd Mat Min Sub Rec Distress Signals . | . . . . . Communications Jammed . | . . . . . Distress Signals . | . . . . . Times Spotted 41 | . 6 13 17 5 Peak Tracking Total 3 | . 1 2 2 3 Tactical Retreats 3 | . . . 3 . Traps | -11 -10 -10 -10 -7 ------- Run | Yrd Mat Min Sub Rec Traps Triggered 1 | . 1 . . . Indirectly . | . . . . . Trap Hack Attempts . | . . . . . Triggered . | . . . . . Disarmed . | . . . . . Reprogrammed . | . . . . . Reused . | . . . . . Traps Extracted . | . . . . . Installed . | . . . . . Triggered . | . . . . . Machines | -11 -10 -10 -10 -7 ---------- Run | Yrd Mat Min Sub Rec Machines Disabled 2 | . . . 2 . Max in Single Turn 2 | . . . 2 . Machines Repaired . | . . . . . Machines Dismantled . | . . . . . Machines Sabotaged . | . . . . . Overloaded Fab Kills . | . . . . . Hacking | -11 -10 -10 -10 -7 --------- Run | Yrd Mat Min Sub Rec Machines Accessed 8 | . 3 . 1 4 Terminals 6 | . 3 . . 3 Fabricators . | . . . . . Repair Stations . | . . . . . Recycling Units 1 | . . . . 1 Scanalyzers . | . . . . . Garrison Access . | . . . . . Total Hacks 30 | . 14 . 5 11 Successful 21 | . 7 . 5 9 Failed 9 | . 7 . . 2 Catastrophic 2 | . 1 . . 1 Database Lockouts . | . . . . . Manual 6 | . 6 . . . Terminals 24 | . 14 . . 10 Fabricators . | . . . . . Repair Stations . | . . . . . Recycling Units 1 | . . . . 1 Scanalyzers . | . . . . . Garrison Access . | . . . . . Terminal Hacks 20 | . 7 . 5 8 Record 10 | . 2 . 5 3 Part Schematic 1 | . . . . 1 Robot Schematic 1 | . . . . 1 Prototype ID Bank 1 | . 1 . . . Level Access Points 2 | . 1 . . 1 Branch Access Points 2 | . 1 . . 1 Terminal Index 1 | . 1 . . . Hauler Manifests 1 | . 1 . . . Zone Layout 1 | . . . . 1 Fabricator Hacks . | . . . . . Repair Station Hacks . | . . . . . Recycling Unit Hacks 1 | . . . . 1 Report Inventory 1 | . . . . 1 Scanalyzer . | . . . . . Garrison Access Hacks . | . . . . . Unauthorized Hacks . | . . . . . Terminals . | . . . . . Fabricators . | . . . . . Repair Stations . | . . . . . Recycling Units . | . . . . . Scanalyzers . | . . . . . Garrison Access . | . . . . . Data Cores Recovered . | . . . . . Used . | . . . . . Hacking Detections 7 | . 3 . . 4 Full Trace Events 5 | . 2 . . 3 Feedback Events 1 | . 1 . . . Corruption 1 | . 1 . . . Feedback Blocked . | . . . . . Robot Schematics Acquired 1 | . . . . 1 Robots Built . | . . . . . Authchips . | . . . . . Time . | . . . . . Total Robot Build Rating . | . . . . . Part Schematics Acquired 1 | . . . . 1 Parts Built . | . . . . . Authchips . | . . . . . Time . | . . . . . Total Part Build Rating . | . . . . . Parts Repaired . | . . . . . Time . | . . . . . Parts Recycled . | . . . . . Recycled Matter . | . . . . . Retrieved Matter . | . . . . . Retrieved Components . | . . . . . Parts Scanalyzed . | . . . . . Part Schematics Acquired . | . . . . . Parts Damaged . | . . . . . Bothacking | -11 -10 -10 -10 -7 ------------ Run | Yrd Mat Min Sub Rec Used RIF Installer . | . . . . . Robots Hacked 2 | . . . . 2 Non-combat . | . . . . . Combat 2 | . . . . 2 Robot Hacks Applied 2 | . . . . 2 parse_system 2 | . . . . 2 Relay Couplers Released . | . . . . . Fabnet Peak Effective % . | . . . . . Robots Rewired . | . . . . . Allies Hacked . | . . . . . Hacks Repelled . | . . . . . Allies | -11 -10 -10 -10 -7 -------- Run | Yrd Mat Min Sub Rec Total Allies . | . . . . . Largest Group . | . . . . . Highest-Rated Group . | . . . . . Highest-Rated Ally . | . . . . . Total Orders . | . . . . . Ally Attacks . | . . . . . Total Damage . | . . . . . Kills . | . . . . . Allies Corrupted . | . . . . . Allies Melted . | . . . . . Intel | -11 -10 -10 -10 -7 ------- Run | Yrd Mat Min Sub Rec Robot Analysis Total . | . . . . . Derelict Logs Recovered 2 | . . 1 1 . Drone Launches . | . . . . . Drone Recoveries . | . . . . . Exploration | -11 -10 -10 -10 -7 ------------- Run | Yrd Mat Min Sub Rec Turns Passed 2954 | 47 530 1591 226 560 Spaces Moved 1883 | 42 462 736 154 489 Core 9 | 9 . . . . Treads . | . . . . . Legs . | . . . . . Wheels 1874 | 33 462 736 154 489 Hover . | . . . . . Flight . | . . . . . Fastest Speed 50 | 50 90 105 105 105 Average Speed 104 | 79 102 106 105 105 Slowest Speed 130 | 90 105 130 105 105 Overloaded Moves . | . . . . . Propulsion Burnouts . | . . . . . Robots Hopped . | . . . . . Cave-ins Triggered . | . . . . . Exploration Rate (%) 54 | 3 72 99 9 87 Regions Visited 4 Branch Regions 3 Pre-discovered Areas . | . . . . . Known Exits Taken 2 | . 1 . 1 . Unknown Exits Taken 2 | 1 . 1 . . Scrap Searched 1 | . . 1 . . Spaces Dug . | . . . . . Terrain Destroyed 27 | . . . 24 3 Melee . | . . . . . Projectile 4 | . . . 1 3 AOE 23 | . . . 23 . Terrain Rammed . | . . . . . Walls Destroyed . | . . . . . Machines Disabled . | . . . . . Actions | -11 -10 -10 -10 -7 --------- Run | Yrd Mat Min Sub Rec Total 2733 | 56 498 1466 191 522 Wait 707 | . . 684 23 . Move 1879 | 41 461 735 153 489 Hop . | . . . . . Pick Up 34 | 8 18 . . 8 Fast Attach 1 | . . 1 . . Attach 11 | 6 1 1 1 2 Detach . | . . . . . Swap 12 | . 4 3 1 4 Drop 13 | 1 3 2 . 7 Fire 73 | . 10 39 13 11 Melee . | . . . . . Ram 3 | . 1 1 . 1 Kick . | . . . . . Crush . | . . . . . Escape Stasis . | . . . . . Rewire . | . . . . . Trap . | . . . . . Miscellaneous . | . . . . . Route ------- -11/Scrapyard -10/Materials (discovered 4 exits: *Mat x3 / *Min) -10/Mines (discovered 3 exits: *Mat x2 / *Sub) -10/Subcaves (discovered 3 exits: Mat x2 / *Rec) -7/Recycling (discovered 1 exit: Fac) History --------- Turn | Location | Event 16 | -11/Scrapyard | Discovered new exit (range 15) 48 | -11/Scrapyard | Entered Materials 280 | -10/Materials | Identified exit to Mines 317 | -10/Materials | Build established: Mutant 338 | -10/Materials | Discovered new exit (range 9) 340 | -10/Materials | Identified exit to Materials 578 | -10/Materials | Entered Mines 586 | -10/Mines | Met a Derelict bent on vengeance 735 | -10/Mines | Discovered exit to Materials (range 7) 993 | -10/Mines | Discovered new exit (range 4) 1265 | -10/Mines | Learned Materials security intel 1506 | -10/Mines | Excavation squad dispatched 1506 | -10/Mines | A large section of the Mines collapsed 1756 | -10/Mines | Excavation squad dispatched 1955 | -10/Mines | Discovered exit to Materials (range 6) 2169 | -10/Mines | Entered Subcaves 2185 | -10/Subcaves | A swath of the cavern ceiling suddenly collapsed 2249 | -10/Subcaves | Visited Clippyterm 2251 | -10/Subcaves | Learned 2 Materials zone layouts 2252 | -10/Subcaves | Identified exit to Materials 2252 | -10/Subcaves | Identified exit to Recycling 2378 | -10/Subcaves | Core integrity fell below 50% 2395 | -10/Subcaves | Entered Recycling 2410 | -7/Recycling | Found Scrap Engine 2517 | -7/Recycling | Identified exit to Factory 2951 | -7/Recycling | Core integrity fell below 20% 2955 | -7/Recycling | Destroyed by S-27 Virus with Autogun Last Messages --------------- Destroyed Gravmag System. P-60 Hacker suffers critical hit (Blast). Destroyed Gravmag System. P-60 Hacker knocked back. P-60 Hacker destroyed. R-06 Scavenger collects Com. Wheel. Imp. Medium Armor Plating destroyed. Wheel destroyed. Destroyed Lgt. Nuclear Core. R-06 Scavenger collects Lgt. Ion Engine. Adv. Assault Cannon destroyed. Jacked Y-54 Guardian... >>parse_system Reading system data... U-05 Engineer destroyed. R-06 Scavenger collects Imp. Heat Sink. Jacked S-27 Virus... >>parse_system Reading system data... R-06 Scavenger collects Welding Torch. Map ----- +----------------------------------------------------+ | | | | | | | | | | | | | | | ?????????????????????????????????????????????????? | | ?????????????????????????????????????????????????? | | ???##########????????????????##??????????????????? | | ???# #??############## ##?????????????????? | | ##?# #??# + [ #?????????????????? | | #?# #??# ## ] #?????????????????? | | #?# #??# ## #?????????????????? | | #?# #??# ##! ##????????????????? | | #?# #??# # ] #????????????????? | | #?# #??# + % ##??????????????